Map: Arctic Dream LE

Players

qqq

  • Race: Zerg Zerg
  • Spawn Location: 6:00

Massa

  • Race: Terran Terran
  • League: Platinum
  • Spawn Location: 5:00

Morvalax - Winner!

  • Race: Protoss Protoss
  • League: Diamond
  • Spawn Location: 12:00

Fabtor - Winner!

  • Race: Zerg Zerg
  • Spawn Location: 11:00

VOD

Have the link to the VOD?

Description

Time

  • Played on: Oct. 8, 2020, 4:08 p.m.
  • Length: 12:00
Show
View Real Time Build Order
Export as new Build Order

qqq Zerg 

Build Orders: Hatch First 

Get SALT Encoding   

  12  0:00  Drone  
  13  0:11  Drone  
  14  0:42  Hatchery  
  13  0:43  Drone  
  14  1:00  Spawning Pool  
  13  1:04  Drone  
  13  1:09  Overlord  
  14  1:28  Extractor, Drone  
  14  1:29  Drone  
  14  1:30  Drone  
  16  1:41  Drone  
  17  1:55  Drone  
  17  1:58  Drone  
  17  1:59  Queen  
  17  2:01  Queen  
  23  2:05  Zergling x2  
  24  2:10  Drone  
  25  2:16  Zergling x2  
  26  2:25  Drone  
  26  2:27  Drone  
  28  2:33  Overlord  
  28  2:35  Metabolic Boost  
  28  2:48  Overlord  
  28  2:55  Zergling x2  
  29  3:01  Baneling Nest  
  29  3:02  Zergling x2  
  29  3:03  Drone  
  29  3:04  Drone, Zergling x2  
  32  3:16  Zergling x8  
  36  3:23  Drone x2  
  36  3:24  Zergling x2  
  39  3:37  Zergling x8  
  43  3:47  Zergling x2  
  42  3:55  Baneling  
  42  3:56  Baneling x3  
  42  3:58  Zergling x2  
  42  3:59  Drone  
  42  4:00  Overlord x2  
  44  4:08  Spine Crawler  
  40  4:29  Drone x2, Zergling x4  
  40  4:30  Drone  
  45  4:38  Drone  
  46  4:48  Extractor  
  46  4:51  Drone  
  46  4:52  Hatchery  
  46  4:53  Extractor  
  46  4:57  Zergling x4  
  46  4:59  Drone  
  47  5:04  Hatchery  
  47  5:07  Zergling x2  
  47  5:08  Drone  
  47  5:13  Drone x3  
  50  5:29  Drone x4  
  50  5:33  Zergling x4  
  56  5:37  Drone  
  52  6:03  Zergling x8  
  55  6:04  Drone  
  55  6:05  Drone x2  
  58  6:16  Drone, Zergling x4  
  58  6:17  Zergling x6  
  60  6:28  Drone x5  
  60  6:30  Zergling x4  
  60  6:38  Drone x2  
  60  6:39  Zergling x4  
  64  6:43  Drone  
  64  6:46  Extractor  
  63  6:58  Spore Crawler  
  63  6:59  Spore Crawler  
  63  7:01  Spore Crawler x2  
  60  7:04  Drone x2  
  60  7:06  Drone, Spore Crawler  
  60  7:07  Drone x3  
  57  7:27  Drone x2  
  57  7:28  Spore Crawler  
  55  7:30  Spore Crawler  
  55  7:34  Hatchery  
  51  7:45  Hatchery  
  50  8:11  Zergling x12  
  56  8:13  Drone  
  56  8:14  Drone  
  56  8:17  Drone  
  56  8:18  Drone  
  60  8:21  Hatchery  
  59  8:31  Drone x2  
  61  9:00  Drone x2  
  61  9:01  Drone  
  64  9:07  Drone x3  
  67  9:13  Lair  
  67  9:15  Zergling x6  
  67  9:16  Zergling x12  
  76  9:18  Drone  
  76  9:19  Drone  
  78  9:49  Drone x5  
  78  9:50  Drone  
  84  9:54  Overlord x4  
  84  9:55  Overlord x2  
  78  10:04  Drone x3  
  78  10:05  Drone x2  
  83  10:07  Spore Crawler  
  82  10:22  Hydralisk Den  
  81  10:30  Drone x2  
  81  10:31  Drone x7  
  81  10:33  Extractor  
  81  10:35  Extractor  
  88  10:37  Extractor, Spine Crawler  
  88  10:38  Extractor  
  88  10:39  Extractor  
  88  10:40  Drone x3  
  88  10:42  Extractor  
  86  10:43  Zergling x8  
  86  10:44  Zergling x2  
  86  10:47  Zergling x4  
  86  10:48  Zergling x4  
  82  11:11  Zergling x16  
  80  11:12  Drone, Zergling x6  
  80  11:13  Drone x5  
  80  11:15  Spine Crawler  
  89  11:26  Spine Crawler  
  89  11:27  Spine Crawler  
  89  11:28  Spine Crawler  
  89  11:29  Drone x2, Spine Crawler x2  
  89  11:31  Spine Crawler x2  
  80  11:39  Drone x2  
Show
View Real Time Build Order
Export as new Build Order

Massa Terran 

Build Orders:  

Get SALT Encoding   

  12  0:41  SCV  
  13  0:53  SCV  
  13  0:57  Supply Depot  
  14  1:05  SCV  
  16  1:18  SCV  
  16  1:20  Barracks  
  16  1:30  SCV  
  17  1:35  Refinery  
  17  1:40  Refinery  
  17  1:42  SCV  
  18  1:54  SCV  
  19  2:07  SCV  
  20  2:19  Orbital Command  
  20  2:27  Factory  
  20  2:31  Supply Depot  
  20  2:47  SCV  
  21  2:59  SCV  
  22  3:11  SCV  
  23  3:15  Starport  
  23  3:17  Starport  
  23  3:23  SCV  
  24  3:35  SCV  
  24  3:40  Hellion  
  27  3:41  Marine  
  28  3:54  Fusion Core  
  28  3:55  Starport Tech Lab x2  
  28  3:59  Marine  
  28  4:01  Hellion  
  31  4:08  Supply Depot  
  31  4:10  Supply Depot  
  31  4:13  Supply Depot  
  31  4:16  Supply Depot  
  31  4:20  Barracks Reactor, Supply Depot  
  31  4:23  Factory Reactor  
  31  4:30  SCV  
  32  4:41  Battlecruiser  
  32  4:42  SCV  
  39  5:13  Battlecruiser  
  45  5:21  Supply Depot  
  45  5:29  Armory  
  45  5:35  Command Center  
  45  5:44  Weapon Refit  
  39  6:26  Battlecruiser  
  45  6:40  Engineering Bay  
  45  6:46  Starport  
  45  6:48  Terran Ship Weapons Level 1  
  45  6:51  Marine  
  45  6:52  Marine  
  47  6:56  Orbital Command  
  47  7:01  Battlecruiser  
  53  7:09  Marine  
  53  7:10  Marine  
  55  7:27  Marine  
  55  7:28  Marine  
  57  7:38  Orbital Command  
  57  7:45  Marine x2  
  57  7:46  Starport Tech Lab  
  57  7:49  Battlecruiser  
  65  7:51  Refinery  
  65  7:52  Refinery  
  65  8:03  Marine x2  
  67  8:06  Battlecruiser  
  67  8:08  SCV  
  67  8:09  SCV  
  75  8:15  Command Center  
  75  8:20  SCV, Battlecruiser  
  75  8:21  SCV, Marine x2  
  85  8:32  SCV  
  85  8:33  SCV  
  80  8:42  Terran Vehicle And Ship Armor Level 1  
  80  8:45  SCV x2  
  82  8:57  SCV x2  
  82  9:00  Battlecruiser  
  90  9:09  SCV x2  
  92  9:12  Command Center  
  92  9:21  SCV x2  
  88  9:33  SCV x2  
  88  9:36  Missile Turret  
  88  9:37  Missile Turret  
  79  9:39  Missile Turret  
  79  9:40  Missile Turret x2  
  79  9:41  Missile Turret  
  79  9:42  Missile Turret  
  79  9:45  SCV, Missile Turret  
  72  9:54  Battlecruiser  
  72  9:57  SCV  
  78  10:43  Supply Depot x2  
  78  10:44  Missile Turret  
  78  10:46  Supply Depot  
  78  10:53  Marine  
  79  11:04  Marine, Missile Turret  
  79  11:08  Hellion x2  
  96  11:11  Marine  
  97  11:22  Marine  
  98  11:29  Hellion x2, Marine  
  91  11:40  Marine  
Show
View Real Time Build Order
Export as new Build Order

Morvalax Protoss - Winner!

Build Orders:  

Get SALT Encoding   

  12  0:11  Probe  
  13  0:22  Pylon  
  13  0:24  Probe  
  14  0:34  Assimilator  
  14  0:41  Probe  
  15  0:45  Gateway  
  15  0:53  Probe (Chrono Boost)  
  17  1:04  Probe (Chrono Boost)  
  17  1:09  Probe (Chrono Boost)  
  18  1:19  Probe  
  19  1:31  Probe  
  20  1:39  Gateway  
  22  1:40  Cybernetics Core  
  22  1:43  Pylon  
  22  1:55  Probe  
  21  2:05  Assimilator  
  21  2:13  Nexus  
  21  2:14  Pylon  
  21  2:16  Probe  
  22  2:30  Probe  
  22  2:32  Adept (Chrono Boost)  
  22  2:34  Adept (Chrono Boost)  
  22  2:35  Warp Gate  
  27  2:42  Probe  
  28  2:54  Probe  
  29  3:03  Adept  
  31  3:12  Pylon  
  31  3:19  Stargate  
  31  3:24  Adept  
  31  3:25  Probe  
  34  3:37  Probe, Adept  
  37  3:42  Pylon  
  37  3:54  Adept  
  37  3:55  Probe  
  40  3:57  Void Ray  
  40  4:04  Shield Battery  
  40  4:07  Shield Battery  
  40  4:08  Probe x2  
  39  4:28  Probe x2  
  41  4:34  Void Ray  
  41  4:35  Assimilator  
  40  4:42  Pylon  
  44  4:49  Stargate  
  44  4:56  Probe (Chrono Boost)  
  44  4:58  Probe (Chrono Boost)  
  46  5:02  Assimilator  
  46  5:03  Pylon  
  46  5:08  Probe (Chrono Boost)  
  46  5:12  Void Ray  
  48  5:14  Probe (Chrono Boost)  
  52  5:28  Probe x2  
  54  5:33  Void Ray  
  54  5:40  Probe x2  
  60  5:47  Gateway  
  60  5:49  Gateway  
  60  5:54  Void Ray  
  58  6:04  Probe x2  
  60  6:11  Fleet Beacon  
  60  6:24  Void Ray  
  60  6:27  Probe x2  
  66  6:33  Void Ray  
  70  6:45  Pylon  
  70  6:49  Pylon  
  70  6:51  Forge  
  70  7:03  Probe x2  
  70  7:05  Flux Vanes  
  72  7:20  Protoss Air Weapons Level 1 (Chrono Boost)  
  72  7:25  Void Ray x2  
  72  7:35  Pylon  
  80  7:55  Nexus  
  80  7:57  Probe x2, Pylon  
  82  8:01  Pylon  
  82  8:03  Assimilator  
  82  8:06  Protoss Shields Level 1 (Chrono Boost)  
  82  8:07  Assimilator  
  82  8:09  Stargate  
  82  8:10  Stargate  
  82  8:11  Pylon  
  82  8:14  Pylon  
  82  8:16  Probe x2  
  84  8:26  Void Ray  
  88  8:36  Probe  
  88  8:37  Probe  
  90  8:49  Probe  
  87  9:00  Tempest x2  
  93  9:06  Probe x3  
  96  9:17  Tempest  
  96  9:18  Probe  
  102  9:30  Void Ray  
  106  9:52  Void Ray x2  
  110  10:18  Void Ray  
  110  10:19  Void Ray  
  102  10:29  Probe x3, Void Ray  
  109  10:39  Stargate  
  109  10:41  Probe x2  
  110  10:50  Carrier  
  113  11:04  Photon Cannon  
  112  11:11  Photon Cannon x2  
  112  11:13  Photon Cannon  
  112  11:14  Photon Cannon  
  112  11:16  Tempest  
  112  11:17  Photon Cannon  
  117  11:19  Photon Cannon  
  117  11:20  Probe x3  
  117  11:22  Photon Cannon  
  119  11:32  Probe x3  
  104  11:38  Nexus  
  90  11:45  Probe  
  90  11:46  Probe  
Show
View Real Time Build Order
Export as new Build Order

Fabtor Zerg - Winner!

Build Orders: Hatch First 

Get SALT Encoding   

  12  0:00  Drone  
  13  0:13  Overlord  
  13  0:17  Drone  
  14  0:31  Drone x2  
  16  0:49  Hatchery  
  15  0:53  Drone  
  15  0:57  Drone  
  17  1:08  Drone x2  
  17  1:11  Extractor  
  18  1:39  Drone  
  19  1:40  Spawning Pool  
  18  1:54  Drone, Overlord  
  19  2:03  Drone  
  20  2:11  Overlord  
  20  2:26  Queen x2  
  20  2:27  Zergling x4  
  20  2:28  Zergling x2  
  27  2:30  Drone x2  
  29  2:41  Metabolic Boost  
  29  2:47  Drone, Roach Warren  
  29  2:48  Drone  
  30  3:08  Lair, Overlord x2  
  30  3:09  Drone  
  30  3:11  Drone  
  33  3:12  Drone  
  33  3:24  Drone  
  33  3:25  Extractor  
  33  3:26  Drone  
  33  3:52  Zergling x2, Roach  
  33  3:53  Roach x5  
  46  3:57  Extractor  
  46  3:58  Drone  
  46  4:06  Drone  
  46  4:08  Extractor  
  46  4:25  Baneling Nest  
  45  4:35  Drone x4  
  45  4:36  Drone  
  50  4:46  Overlord x3  
  50  5:05  Drone x2  
  50  5:06  Drone  
  53  5:14  Baneling  
  53  5:15  Baneling  
  53  5:17  Baneling  
  53  5:19  Drone x2  
  55  5:39  Hydralisk Den  
  55  5:40  Drone  
  55  5:41  Drone x2  
  57  5:49  Queen  
  57  5:51  Drone, Hatchery  
  53  6:05  Queen  
  53  6:07  Spore Crawler  
  53  6:09  Spore Crawler  
  46  6:25  Roach x8  
  62  6:26  Roach x3  
  67  6:39  Drone  
  68  6:40  Drone x3  
  71  7:22  Hydralisk x6  
  73  7:25  Drone x3  
  86  7:39  Muscular Augments  
  86  7:44  Spore Crawler  
  85  7:50  Drone x2  
  85  7:51  Drone x2  
  88  7:54  Drone, Overlord  
  88  7:55  Overlord  
  90  8:04  Overlord x2  
  90  8:15  Drone  
  90  8:16  Drone  
  90  8:17  Zergling x4  
  90  8:18  Zergling x4  
  96  8:20  Hydralisk  
  96  8:22  Overlord x2  
  98  8:40  Hydralisk x2  
  98  8:41  Hydralisk x2  
  91  8:52  Queen  
  93  8:57  Queen  
  93  8:59  Drone x3  
  97  9:25  Hatchery  
  96  9:39  Grooved Spines  
  96  9:43  Evolution Chamber  
  96  9:44  Hydralisk x2  
  96  9:45  Hydralisk x7, Evolution Chamber  
  112  10:05  Infestation Pit  
  111  10:15  Glial Reconstitution  
  111  10:18  Overlord x4  
  111  10:56  Hydralisk x9  
  111  10:57  Hydralisk  
  130  11:12  Queen  
  130  11:13  Drone x2  
  131  11:35  Hydralisk x6  
Tags
 
Add a new tag
Caveats
  • Supply blocks, unpowered buildings, or Contaminate may cause inaccurate times.
  • Supply counts are checked every 10 seconds.